 Dungeon Crawl Stone Soup version 0.30.1-11-g7821555f0a (webtiles) character file.

Game seed: 6086416608347940502

112 SacredBeard the Vexing (level 4, 0/25 HPs)
             Began as a Deep Elf Hexslinger on Oct 30, 2023.
             Slain by an orc
             ... wielding a +0 flail
              (5 damage)
             ... on level 3 of the Dungeon.
             The game lasted 00:05:20 (1811 turns).

SacredBeard the Vexing (Deep Elf Hexslinger)        Turns: 1811, Time: 00:05:20

Health: 0/25       AC:  3    Str:  7    XL:     4   Next: 64%
Magic:  10/10      EV: 12    Int: 18    God:
Gold:   131        SH:  0    Dex: 17    Spells: 4/8 levels left

rFire   . . .        a - +1 sling
rCold   + . .        (no shield)
rNeg    . . .        m - +0 leather armour
rPois   .            (no helmet)
rElec   .            (no cloak)
rCorr   .            (no gloves)
SInv    .            (no boots)
Will    .....        f - amulet of magic regeneration
Stlth   +            l - ring of protection from cold
HPRegen 0.24/turn    (no ring)
MPRegen 0.52/turn

%: no passive effects
@: no status effects
A: no striking features
a: no special abilities


You were on level 3 of the Dungeon.
You visited 1 branch of the dungeon, and saw 3 of its levels.

You collected 131 gold pieces.

Inventory:

Hand Weapons
 a - a +1 sling (weapon)
Armour
 m - a +0 leather armour (worn)
Jewellery
 f - an amulet of magic regeneration (around neck)
 l - a ring of protection from cold (left hand)
Scrolls
 b - 2 scrolls of poison
 e - 2 scrolls of identify {unknown}
 k - a scroll of teleportation {unknown}
Potions
 d - 2 potions of brilliance {unknown}
 g - 2 potions of flight {unknown}
 h - a potion of haste {unknown}
 i - a potion of mutation {unknown}
 j - a potion of curing {unknown}


   Skills:
 - Level 1.0 Fighting
 * Level 4.6 Ranged Weapons
 + Level 3.3 Dodging
 + Level 2.8 Spellcasting
 + Level 4.7 Hexes


You had 4 spell levels left.
You knew the following spells:

 Your Spells              Type           Power      Damage    Failure   Level
a - Slow                  Hex            76%        N/A       3%          1
b - Inner Flame           Hex/Fire       11%        N/A       28%         3

Your spell library contained the following spells:

 Spells                   Type           Power      Damage    Failure   Level
 Ensorcelled Hibernation  Hex/Ice        22%        N/A       14%         2
 Shock                    Conj/Air       8%         1d3       26%         1
 Portal Projectile        Hex/Tloc       22%        N/A       28%         3
 Cause Fear               Hex            9%         N/A       34%         4
 Passwall                 Tmut/Erth      1%         N/A       36%         2
 Ignite Poison            Fire/Tmut/Pois 2%         N/A       58%         3
 Swiftness                Air            2%         N/A       58%         3
 Airstrike                Air            1%         2d(1-17)  94%         4
 Sticky Flame             Conj/Fire      2%         2d3       94%         4
 Ignition                 Fire           1%         3d3       100%        8


Dungeon Overview and Level Annotations

Branches:
Dungeon (3/15) Zot: 16156

Altars:

Shops:
D:2 (


Message History

No target in view!
g - 2 coppery potions (gained 1)
An orc comes into view. It is wielding a +0 hand axe.
You shoot a sling bullet.
The sling bullet hits the orc but does no damage.
You shoot a sling bullet. The sling bullet barely misses the orc.
You hear a shout!
An orc comes into view. It is wielding a +0 flail.
You hear a shout!
You shoot a sling bullet.
The sling bullet completely misses the orc.
You shoot a sling bullet.
The sling bullet closely misses the orc.
The sling bullet hits the orc.
The orc is severely wounded.
An orc priest comes into view. It is wielding a +0 mace.
The orc closely misses you.
You shoot a sling bullet.
The sling bullet hits the orc but does no damage.
The orc is severely wounded.
An orc comes into view. It is wielding a +0 club.
The orc hits you with a +0 flail. The orc barely misses you.
You shoot a sling bullet.
The sling bullet hits the orc but does no damage.
The orc is severely wounded.
The orc closely misses you. The orc hits you but does no damage.
You shoot a sling bullet.
The sling bullet hits the orc but does no damage.
The orc is severely wounded.
The orc hits you with a +0 hand axe.
You are too injured to fight recklessly!
The orc priest attacks as you move away!
The orc priest hits you with a +0 mace.
Found a pair of gloves and a scroll labelled YKIH BAFIYNWIL.
The orc barely misses you.
The orc priest mumbles some strange prayers to Beogh against you.
Beogh smites you!
* * * LOW HITPOINT WARNING * * *
The orc attacks as you move away! The orc hits you with a +0 flail.
You die...

.....# #. ...... ... ##
####.. ... .# ### #.# .#
.####### #.# .# .......#
#.# .# ##### #..
#.##.##.......####..
#.####oo@....#..........#
#...o.o##[?..#.###.####.#
#).###.# ....#.# #.##...#
. #.# ....#.# #....###
#.# #####.# #.#### #.#
#.# #.# # #.# #.# #.#
#..###.#######.###.#
#..............)..###


You could see an orc priest and 3 orcs.

Vanquished Creatures
  7 adders (D:2)
  A dart slug (D:1)
  8 ball pythons
  2 bats (D:2)
  4 endoplasms
  7 giant cockroaches
  3 goblins (D:1)
  3 hobgoblins (D:1)
  A quokka (D:2)
  2 frilled lizards (D:1)
  5 kobolds
  3 rats (D:1)
46 creatures vanquished.

Notes
Turn   | Place    | Note
-------+----------+-------------------------------------------
     0 | D:1      | SacredBeard the Deep Elf Hexslinger began the quest for the
                  | Orb.
     0 | D:1      | Reached XP level 1. HP: 11/11 MP: 5/5
   117 | D:1      | Reached skill level 1 in Fighting
   117 | D:1      | Reached XP level 2. HP: 16/16 MP: 6/6
   635 | D:1      | Reached XP level 3. HP: 20/20 MP: 8/8
   697 | D:1      | Found a faded altar of an unknown god.
   829 | D:2      | Learned a level 3 spell: Inner Flame
   955 | D:2      | Found Daonump's Antique Weapon Boutique.
   987 | D:2      | Reached XP level 4. HP: 25/25 MP: 9/9
  1811 | D:3      | Slain by an orc

Illustrated notes

Levels and vault maps discovered:
D:1:      tekkud_arrival_beachfront_property, layout_basic,
          hellmonk_ecumenical_altar_run_dry, hangedman_feature_mirror
D:2:      layout_loops_cross, serial_shops,
          nicolae_shop_temple_entry_statues_fountains
D:3:      layout_basic, amethyst_overflow_temple_binary, minmay_bisected

Skill      XL: |  1  2  3 |
---------------+----------+-----
Ranged Weapons | 3 4 |  4.6
Fighting       | 1 |  1.0
Spellcasting   | 2 |  2.8
Dodging        | 3 |  3.3
Hexes          | |  4.7

Action                     |  1- 3 |  4- 6 || total
---------------------------+-------+-------++-------
   Fire: Sling             |   103 |    46 ||   149
   Cast: Slow              |     4 |     1 ||     5
 Armour: Robe              |    14 |       ||    14
         Leather armour    |       |     2 ||     2
  Dodge: Dodged            |    47 |    25 ||    72
